 Dungeon Crawl Stone Soup version 0.28-a0-1435-g82390b3a13 (webtiles) character file.

Game seed: 4130266104264581617

71743 oldriver the Warrior (level 14, -6/128 HPs)
             Began as a Demonspawn Chaos Knight on Jan 10, 2022.
             Was a Plaything of Xom.
             Mangled by a wolf spider (10 damage)
             ... on level 4 of the Lair of Beasts.
             The game lasted 01:00:09 (24175 turns).

oldriver the Warrior (Demonspawn Chaos Knight)     Turns: 24175, Time: 01:00:10

Health: -6/128     AC: 22    Str: 12      XL:     14   Next: 99%
Magic:  0/14       EV:  8    Int: 18 (19) God:    Xom [.*....]
Gold:   2219       SH:  0    Dex: 15      Spells: 13/13 levels left

rFire   + . .      SeeInvis +   T - +12 short sword of the Bouncing Runes {flame, rN+ Str-4 SInv}
rCold   + . .      Faith    .   A - orb {mayhem}
rNeg    + + .      Spirit   +   m - +4 chain mail of Muttered Phrases {rF+ Str+4 SInv Stlth-}
rPois   +          Reflect  .   (helmet unavailable)
rElec   .          Harm     .   w - +1 cloak {rPois}
rCorr   +          Rampage  .   G - +1 pair of gloves
Will    +....      Clarity  +   a - +0 pair of boots
Stlth   ++........              t - amulet of Jyefygio {Spirit Regen+ rCorr Int+4 Dex-4}
HPRegen 1.11/turn               U - ring of positive energy
MPRegen 0.14/turn               Q - +4 ring of slaying

@: lethally poisoned (-6 -> -23), hasted, very quick
A: horns 3, thin skeletal structure 2, ignite blood 2, demonic magic 1, fangs 1,
camouflage 1, clarity, cold resistance 1, weak 1, wild magic 1, MP-powered wands
a: Renounce Religion


You were on level 4 of the Lair of Beasts.
You worshipped Xom.
You were a plaything of Xom.
You visited 4 branches of the dungeon, and saw 22 of its levels.
You visited 1 bazaar.
You also visited: Volcano.

You collected 2916 gold pieces.
You spent 697 gold pieces at shops.

Inventory:

Hand Weapons
 q - the +7 dagger "Teahomeila" {vorpal, rCorr Int+2}
   (You took it off a hobgoblin on level 3 of the Dungeon)

   It inflicts extra damage upon your enemies.
   Int:       It affects your intelligence (+2).
   rCorr:     It protects you from acid and corrosion.
 T - the +12 short sword of the Bouncing Runes (weapon) {flame, rN+ Str-4 SInv}
   (Xom gifted it to you on level 1 of the Orcish Mines)

   It burns those it strikes, dealing additional fire damage.
   Str:       It affects your strength (-4).
   rN:        It protects you from negative energy.
   SInv:      It lets you see invisible.
Missiles
 j - 5 throwing nets
 n - 3 atropa-tipped darts
 E - 8 javelins
Armour
 a - a +0 pair of boots (worn)
 m - the +4 chain mail of Muttered Phrases (worn) {rF+ Str+4 SInv Stlth-}
   (You bought it in a shop on level 2 of the Orcish Mines)

   Str:       It affects your strength (+4).
   rF:        It protects you from fire.
   SInv:      It lets you see invisible.
   Stlth:     It makes you less stealthy.
 w - a +1 cloak of poison resistance (worn)
 A - an orb of mayhem (worn)
 G - a +1 pair of gloves (worn)
Jewellery
 p - a ring of flight
 t - the amulet of Jyefygio (around neck) {Spirit Regen+ rCorr Int+4 Dex-4}
   (Xom gifted it to you on level 3 of the Dungeon)

   [amulet of guardian spirit]

   It causes incoming damage to be divided between your reserves of health and
   magic.
   Int:       It affects your intelligence (+4).
   Dex:       It affects your dexterity (-4).
   Regen:     It increases your rate of health regeneration.
   rCorr:     It protects you from acid and corrosion.
 u - a ring of ice
 H - a ring of fire
 Q - a +4 ring of slaying (right hand)
 U - a ring of positive energy (left hand)
Wands
 x - a wand of digging (7)
 z - a wand of charming (9)
 L - a wand of flame (16) (quivered)
 P - a wand of iceblast (8)
Scrolls
 c - 9 scrolls of teleportation
 f - a scroll of magic mapping
 r - 5 scrolls of silence
 y - 8 scrolls of identify
 C - a scroll of amnesia
 F - 2 scrolls of fear
 J - 2 scrolls of brand weapon
 K - 3 scrolls of enchant weapon
 N - 4 scrolls of fog
 R - a scroll of summoning
Potions
 b - 4 potions of brilliance
 d - 4 potions of mutation
 e - 2 potions of invisibility
 g - a potion of haste
 h - 8 potions of curing
 i - 2 potions of attraction
 o - 2 potions of lignification
 s - a potion of flight
 v - 3 potions of berserk rage
 B - a potion of resistance {unknown}
 I - 6 potions of heal wounds
 M - a potion of magic
Miscellaneous
 k - a lightning rod (4/4)
 l - a phial of floods
 O - a piece from Xom's chessboard (15/15)


   Skills:
 + Level 17.3 Fighting
 + Level 10.8(10.9) Short Blades
 - Level 2.6(7.3) Long Blades
 + Level 10.9 Armour
 + Level 6.1 Dodging
 - Level 6.0 Stealth
 + Level 9.4 Evocations


You had 13 spell levels left.
You didn't know any spells.
Your spell library contained the following spells:

 Spells                   Type           Power      Damage    Failure   Level
 Freeze                   Ice            0%         1d3       99%         1
 Magic Dart               Conj           0%         1d3       99%         1
 Sting                    Tmut/Pois      0%         1d3       99%         1
 Poisonous Vapours        Pois/Air       0%         N/A       100%        2
 Searing Ray              Conj           0%         2d4       100%        2
 Sublimation of Blood     Necr           0%         N/A       100%        2
 Wereblood                Tmut           0%         N/A       100%        2
 Dazzling Flash           Conj/Hex       0%         N/A       100%        3
 Frozen Ramparts          Ice            0%         1d2       100%        3
 Gell's Gravitas          Tloc           0%         N/A       100%        3
 Lesser Beckoning         Tloc           0%         N/A       100%        3
 Teleport Other           Tloc           0%         N/A       100%        3
 Fulminant Prism          Conj/Hex       0%         3d6       100%        4
 Hailstorm                Conj/Ice       0%         3d3       100%        4
 Leda's Liquefaction      Hex/Erth       0%         N/A       100%        4
 Olgreb's Toxic Radiance  Pois           0%         N/A       100%        4
 Agony                    Necr           0%         N/A       100%        5
 Lee's Rapid Deconstruct  Erth           0%         3d5*      100%        5
 Silence                  Hex/Air        0%         N/A       100%        5
 Statue Form              Tmut/Erth      0%         N/A       100%        6
 Summon Hydra             Summ           0%         N/A       100%        7


Dungeon Overview and Level Annotations

Branches:
Dungeon (13/15)            Temple (0/1) D:6            Lair (6/6) D:8
 Shoals (0/4) Lair:4       Spider (1/4) Lair:4        Slime (0/5) Lair:5
    Orc (2/2) D:11            Elf (0/3) Orc:2        Vaults (0/5) D:13
Volcano (visited)

Altars:
Ashenzari
Fedhas
Xom
Beogh
Jiyva

Shops:
D:4 *   D:7 !   Orc:2 (([[

Annotations:
D:9 Erica
Lair:3 exclusion: oklob plant
Lair:6 2 transporters, 1 runed translucent door, riojii's ghost, journeyman SpEn


Innate Abilities, Weirdness & Mutations

You have a pair of large horns on your head.
You have a moderately thin skeletal structure. (Dex +4, Stealth++)
Your demonic aura often causes spilled blood to erupt in flames.
Spells you cast may paralyse adjacent enemies.
You have very sharp teeth.
Your skin changes colour to match your surroundings (Stealth+).
You possess an exceptional clarity of mind.
Your flesh is cold resistant. (rC+)
You are weak. (Str -2)
Your spells are a little harder to cast, but a little more powerful.
You expend magic power (3 MP) to strengthen your wands.


Message History

The redback barely misses you. The wolf spider hits you!
* * * LOW HITPOINT WARNING * * *
The wolf spider barely misses you.
There is an open door, spattered with blood here.
You feel better.
The redback is engulfed in blazing flames.
The redback bites you but does no damage.
The wolf spider hits you but does no damage.
The wolf spider completely misses you.
You feel much better.
The redback is engulfed in blazing flames.
The redback bites you!
* * * LOW HITPOINT WARNING * * *
The wolf spider hits you!
* * * LOW HITPOINT WARNING * * *
The wolf spider barely misses you.
You feel much better.
The redback is engulfed in blazing flames.
You kill the redback!
The wolf spider flies into a frenzy!
The wolf spider is engulfed in blazing flames.
The wolf spider hits you!
* * * LOW HITPOINT WARNING * * *
The wolf spider bites you!
* * * LOW HITPOINT WARNING * * *
You are poisoned.
The wolf spider poisons you! The wolf spider hits you.
* * * LOW HITPOINT WARNING * * *
The wolf spider barely misses you.
You feel better.
The wolf spider is engulfed in blazing flames.
The wolf spider hits you!
* * * LOW HITPOINT WARNING * * *
The wolf spider bites you.
* * * LOW HITPOINT WARNING * * *
You are lethally poisoned!
The wolf spider poisons you!
The wolf spider hits you but does no damage.
The wolf spider bites you!
You die...

### #.## ...### .....##
### ##....####P#
<..........#
.#.#....#.## ####
.[##..########.s###
..#.<.####..'.>s@.##
#....##..##^≈.^☼§..#
........###.≈≈≈≈≈.##
.P..##...#...≈≈≈.^†####
..##.##..##^####..#.#.#
.#####P..##.^^#^#.##..#
..#
#.P...#.......#...###
.P#
#...#^.^............#
.##
#..###.##^..^..^#..##


You could see a wolf spider and a neutral wolf spider (fast, strong, insane).

Vanquished Creatures
  Rupert (Lair:5)
  Mlioglotl (Spider:1)
  Gastronok (D:12)
  A broodmother (Lair:4)
  Josephine (Orc:2)
  A great orb of eyes (Lair:6)
  Fannar (Lair:1)
  Harold (D:11)
  9 hydras
  Erolcha (D:11)
  A catoblepas (Lair:6)
  2 centaur warriors (D:13)
  5 two-headed ogres
  A death knight (D:13)
  4 death yaks
  4 orc high priests (Orc:2)
  3 skeletal warriors
  An orb spider (Lair:4)
  A wizard (D:10)
  A phantasmal warrior (D:13)
  A lindwurm (Lair:6)
  6 orc knights (Orc:2)
  A wolf spider (Lair:4)
  2 manticores
  2 ugly things
  2 orc sorcerers (D:11)
  4 black mambas
  Maurice (D:8)
  3 gargoyles
  Joseph (D:9)
  7 torpor snails
  A rime drake (shapeshifter) (D:13)
  An unseen horror (D:12)
  17 cane toads
  A yaktaur (Lair:1)
  A rime drake (Lair:3)
  11 komodo dragons
  7 trolls
  Prince Ribbit (D:9)
  2 polar bears
  5 hornets (Lair:6)
  3 blink frogs (Lair:6)
  2 vampires
  7 wraiths
  27 yaks
  2 wyverns
  9 basilisks
  A golden eye (shapeshifter) (D:13)
  A redback (shapeshifter) (D:13)
  A redback (Lair:4)
  8 vampire mosquitoes
  A warg (Orc:2)
  2 hell hounds (Volcano)
  3 acid dragons
  Duvessa (D:4)
  9 water moccasins
  2 ice beasts
  A hornet zombie (D:9)
  34 orc warriors
  A sky beast (D:6)
  A necrophage (D:9)
  3 black bears
  12 centaurs
  6 ogres
  4 wolves
  9 bullfrogs
  5 scorpions
  A water moccasin zombie (D:5)
  Dowan (D:4)
  4 water moccasin skeletons
  10 killer bees
  An electric eel (Lair:6)
  5 wights
  4 howler monkeys (D:10)
  A bullfrog zombie (D:6)
  5 centaur zombies
  26 orc priests
  2 hounds (D:4)
  2 gnoll shamans (D:10)
  2 bullfrog skeletons (D:5)
  3 jellies
  A centaur skeleton (D:6)
  17 orc wizards
  Terence (D:2)
  2 killer bee zombies
  A hound skeleton (D:4)
  Robin (D:2)
  3 howler monkey zombies
  2 howler monkey skeletons
  7 adders
  9 gnolls
  A white imp (D:7)
  3 worms
  2 dart slugs
  73 orcs
  9 endoplasms
  2 giant cockroaches (D:2)
  14 goblins
  12 hobgoblins
  5 jackals
  5 quokkas
  6 ball pythons
  6 bats
  7 kobolds
  6 rats
535 creatures vanquished.

Vanquished Creatures (collateral kills)
  Jorgrun (Orc:2)
  A lindwurm (Lair:6)
  A black mamba (Lair:4)
  A cane toad (Lair:4)
  2 hornets (Lair:6)
  A wraith (D:7)
  A vampire mosquito (D:6)
  2 orc warriors (Orc:2)
  A wolf (Lair:3)
  A necrophage (D:9)
  2 centaurs
  A wight (D:8)
  8 orc priests
  2 orc wizards
  A gnoll (D:10)
  24 orcs
  A giant cockroach (D:4)
  A jackal (D:4)
52 creatures vanquished.

Vanquished Creatures (others)
  An orc high priest (Orc:2)
  2 wraiths
  A yak (D:9)
  4 vampire mosquitoes (D:13)
  A redback (Spider:1)
  A warg (Orc:1)
  7 centaurs
  A wolf (Lair:4)
  2 killer bees (D:10)
  2 orc priests
  2 orc wizards
  A shadow imp (D:6)
  4 orcs
  A goblin (D:6)
  31 fungi
  71 plants
  15 toadstools (Lair:3)
  2 withered plants (D:9)
149 creatures vanquished.

Grand Total: 736 creatures vanquished

Notes
Turn   | Place    | Note
-------+----------+-------------------------------------------
     0 | D:1      | oldriver the Demonspawn Chaos Knight began the quest for
                  | the Orb.
     0 | D:1      | Reached XP level 1. HP: 18/18 MP: 1/1
    71 | D:1      | Reached skill level 1 in Dodging
   147 | D:1      | XOM: silly message
   223 | D:1      | Gained mutation: You have a pair of small horns on your
                  | head. [demonic ancestry]
   223 | D:1      | Reached XP level 2. HP: 23/24 MP: 2/2
   355 | D:1      | XOM: divination: detect items
   700 | D:2      | Gained mutation: Spells you cast may paralyse adjacent
                  | enemies. [demonic ancestry]
   700 | D:2      | Reached XP level 3. HP: 29/29 MP: 3/3
   718 | D:2      | Noticed Robin
   730 | D:2      | Killed Robin
  1009 | D:2      | Noticed Terence
  1013 | D:2      | Killed Terence
  1014 | D:2      | Reached skill level 4 in Fighting
  1014 | D:2      | Reached XP level 4. HP: 31/37 MP: 4/4
  1066 | D:2      | XOM: stat loss: -1 Str (13/14)
  1836 | D:2      | XOM: give mutations
  1836 | D:2      | Gained mutation: You are clumsy. (Dex -2) [Xom's mischief]
  1836 | D:2      | Lost mutation: You are clumsy. (Dex -2) [Xom's mischief]
  1836 | D:2      | Gained mutation: Your skin changes colour to match your
                  | surroundings (Stealth+). [Xom's mischief]
  1836 | D:2      | Gained mutation: You are clumsy. (Dex -2) [Xom's mischief]
  2077 | D:3      | Found a broken altar of Ashenzari.
  2115 | D:3      | XOM: god gift: 3 atropa-tipped darts
  2351 | D:3      | XOM: scenery: summon butterflies
  2398 | D:3      | Reached XP level 5. HP: 43/43 MP: 5/5
  2413 | D:3      | Identified the +7 dagger "Teahomeila" {vorpal, rCorr Int+2}
  2823 | D:3      | XOM: summons friendly ufetubus
  3239 | D:3      | Identified the amulet of Jyefygio {Spirit Regen+ rCorr
                  | Int+4 Dex-4} (Xom gifted it to you on level 3 of the
                  | Dungeon)
  3239 | D:3      | XOM: god gift: amulet of Jyefygio {Spirit Regen+ rCorr
                  | Int+4 Dex-4}
  3417 | D:4      | Noticed Dowan
  3426 | D:4      | Noticed Duvessa
  3426 | D:4      | XOM: smoke on damage
  3439 | D:4      | Killed Duvessa
  3440 | D:4      | Reached skill level 5 in Fighting
  3440 | D:4      | Gained mutation: You have a somewhat thin skeletal
                  | structure. (Dex +2, Stealth+) [demonic ancestry]
  3440 | D:4      | Reached XP level 6. HP: 42/51 MP: 4/6
  3446 | D:4      | Killed Dowan
  3460 | D:4      | Reached skill level 6 in Fighting
  3468 | D:4      | XOM: summons 2 friendly demons
  3488 | D:4      | XOM: polymorph white imp -> crimson imp
  3554 | D:4      | XOM: 2-stop teleportation journey
  3563 | D:4      | Gained mutation: Your demonic aura sometimes causes spilled
                  | blood to erupt in flames. [demonic ancestry]
  3563 | D:4      | Reached XP level 7. HP: 56/59 MP: 4/7
  3692 | D:4      | Found Qet Hano's Assorted Antiques.
  3695 | D:4      | Bought a scroll labelled EPHING RIXT for 32 gold pieces
  3695 | D:4      | Bought a scroll labelled CAUMAY DALE for 32 gold pieces
  3840 | D:4      | XOM: 6-stop teleportation journey
  3921 | D:4      | Reached skill level 7 in Fighting
  4248 | D:5      | Entered Level 5 of the Dungeon
  4249 | D:5      | XOM: polymorph scorpion -> worm
  4350 | D:5      | Reached skill level 8 in Fighting
  4368 | D:5      | XOM: divination: magic mapping
  4448 | D:5      | XOM: cast spell 'Summon Small Mammal'
  4498 | D:5      | Gained mutation: Your demonic aura often causes spilled
                  | blood to erupt in flames. [demonic ancestry]
  4498 | D:5      | Reached XP level 8. HP: 68/70 MP: 6/8
  4943 | D:5      | Reached skill level 9 in Fighting
  4943 | D:5      | Reached skill level 1 in Short Blades
  4943 | D:5      | XOM: enchant monster (good)
  5315 | D:6      | XOM: butterfly on damage
  5333 | D:6      | Found a staircase to the Ecumenical Temple.
  5333 | D:6      | XOM: 4-stop teleportation journey
  5476 | D:6      | Reached XP level 9. HP: 78/78 MP: 9/9
  5617 | D:6      | XOM: silly message
  5620 | D:6      | XOM: silly message
  5622 | D:6      | XOM: potion effect (might)
  5626 | D:6      | Reached skill level 10 in Fighting
  6060 | D:7      | XOM: summons 1 hostile demon
  6072 | D:7      | XOM: cast spell 'Death Channel'
  6382 | D:7      | XOM: give mutations
  6382 | D:7      | Gained mutation: Your spells are a little harder to cast,
                  | but a little more powerful. [Xom's grace]
  6382 | D:7      | Gained mutation: You possess an exceptional clarity of
                  | mind. [Xom's grace]
  6387 | D:7      | Reached skill level 5 in Armour
  6449 | D:7      | XOM: give mutations
  6449 | D:7      | Gained mutation: Your mind is acute. (Int +2) [Xom's grace]
  6449 | D:7      | Lost mutation: You are clumsy. (Dex -2) [Xom's grace]
  6508 | D:7      | Found Qizoffab's Distillery.
  6516 | D:7      | Bought a potion of heal wounds for 60 gold pieces
  6607 | D:7      | Found the +5 scythe "Finisher" {speed, eviscerate}
  6608 | D:7      | XOM: divination: detect items
  6612 | D:7      | XOM: enchant monster (good)
  6617 | D:7      | Noticed a skeletal warrior
  6643 | D:7      | XOM: chaos upgrade
  6732 | D:7      | Reached skill level 11 in Fighting
  6829 | D:7      | XOM: 3-stop teleportation journey
  6899 | D:7      | XOM: scenery: create altars
  6906 | D:7      | XOM: repel stairs
  6907 | D:7      | HP: 2/81 [skeletal warrior (13)]
  6923 | D:7      | XOM: summons friendly soul eater
  6944 | D:7      | XOM: smoke on damage
  6946 | D:7      | Killed a skeletal warrior
  6961 | D:7      | XOM: give mutations
  6961 | D:7      | Gained mutation: You are weak. (Str -2) [Xom's mischief]
  6961 | D:7      | Lost mutation: Your spells are a little harder to cast, but
                  | a little more powerful. [Xom's mischief]
  6961 | D:7      | Lost mutation: Your mind is acute. (Int +2) [Xom's
                  | mischief]
  6961 | D:7      | Gained mutation: You have a beak for a mouth. [Xom's
                  | mischief]
  7379 | D:8      | Reached XP level 10. HP: 82/89 MP: 8/10
  7384 | D:8      | Reached skill level 12 in Fighting
  7406 | D:8      | Noticed a gargoyle
  7421 | D:8      | Killed a gargoyle
  7761 | D:8      | XOM: scenery: create altars
  7795 | D:8      | Noticed Maurice
  7810 | D:8      | Killed Maurice
  7811 | D:8      | Reached skill level 1 in Evocations
  8093 | D:8      | XOM: 2-stop teleportation journey
  8109 | D:8      | XOM: cloud trail
  8139 | D:8      | Found a staircase to the Lair.
  8179 | D:8      | XOM: god gift: 19 stones
  8321 | Lair:1   | Entered Level 1 of the Lair of Beasts
  8364 | Lair:1   | Reached skill level 1 in Stealth
  8402 | Lair:1   | XOM: noise
  8744 | Lair:1   | XOM: polymorph yak -> yaktaur
  8769 | Lair:1   | XOM: cast spell 'Dispersal'
  8794 | Lair:1   | Reached skill level 13 in Fighting
  8948 | Lair:1   | XOM: 1-stop teleportation journey
  8960 | Lair:1   | Noticed a five-headed hydra
  8960 | Lair:1   | XOM: 3-stop teleportation journey
  8979 | Lair:1   | XOM: confuse monster(s)
  8983 | Lair:1   | Killed a five-headed hydra
  9006 | Lair:1   | XOM: enchant monster (bad)
  9137 | Lair:1   | Noticed Fannar
  9278 | Lair:2   | Noticed a death yak
  9308 | Lair:2   | XOM: enchant monster (good)
  9343 | Lair:2   | XOM: divination: detect items
  9348 | Lair:2   | Reached XP level 11. HP: 95/98 MP: 9/11
  9837 | Lair:3   | XOM: 1-stop teleportation journey
  9949 | Lair:3   | HP: 1/98 [komodo dragon (31)]
  9979 | Lair:2   | Reached skill level 5 in Evocations
 10106 | Lair:3   | XOM: confuse monster(s)
 10113 | Lair:3   | XOM: enchant monster (good)
 10215 | Lair:3   | Reached skill level 5 in Stealth
 10428 | Lair:3   | Found a blossoming altar of Fedhas.
 10447 | Lair:3   | Noticed an oklob plant
 10567 | Lair:3   | Reached skill level 14 in Fighting
 10567 | Lair:3   | Reached skill level 5 in Short Blades
 10701 | Lair:3   | XOM: 1-stop teleportation journey
 10840 | Lair:4   | Noticed a seven-headed hydra
 10883 | Lair:4   | XOM: silly message
 10969 | Lair:4   | XOM: divination: detect creatures
 11127 | Lair:4   | Found a staircase to the Shoals.
 11201 | Lair:4   | XOM: noise
 11233 | Lair:4   | XOM: noise
 11238 | Lair:4   | XOM: enchant monster (good)
 11258 | Lair:4   | XOM: cast spell 'Call Canine Familiar'
 11365 | D:9      | XOM: cast spell 'Summon Ice Beast'
 11535 | D:9      | Noticed Joseph
 11547 | D:9      | Noticed Prince Ribbit
 11552 | D:9      | Killed Prince Ribbit
 11553 | D:9      | Gained mutation: You have a pair of horns on your head.
                  | [demonic ancestry]
 11553 | D:9      | Reached XP level 12. HP: 108/108 MP: 12/12
 11589 | D:9      | Killed Joseph
 11795 | D:9      | XOM: 1-stop teleportation journey
 11815 | D:9      | XOM: god gift: 31 gold pieces
 11859 | D:9      | Noticed Erica
 11887 | D:9      | Noticed a two-headed ogre
 12003 | D:9      | XOM: potion effect (curing)
 12016 | D:9      | XOM: polymorph yak -> polar bear
 12018 | D:9      | XOM: destruction
 12182 | D:10     | Entered Level 10 of the Dungeon
 12213 | D:10     | XOM: give mutations
 12213 | D:10     | Gained mutation: You expend magic power (3 MP) to
                  | strengthen your wands. [Xom's grace]
 12213 | D:10     | Gained mutation: You have a pair of large horns on your
                  | head. [Xom's grace]
 12439 | D:10     | XOM: smoke on damage
 12590 | D:10     | XOM: 2-stop teleportation journey
 13049 | D:11     | Noticed Harold
 13056 | D:11     | Killed Harold
 13413 | D:11     | XOM: enchant monster (bad)
 13413 | D:11     | Noticed Erolcha
 13437 | D:11     | XOM: 3-stop teleportation journey
 13487 | D:11     | Identified the amulet of Lerent {Rampage Regen+ rCorr Str+4
                  | Slay-3}
 13720 | D:12     | XOM: summons 1 hostile demon
 13768 | D:12     | XOM: scenery: summon butterflies
 13847 | D:12     | XOM: divination: detect items
 13999 | D:11     | XOM: god gift: 17 arrows
 14004 | D:11     | XOM: silly message
 14037 | D:11     | Noticed a two-headed ogre
 14039 | D:11     | XOM: scenery: 1 doors open
 14039 | D:11     | Found a staircase to the Orcish Mines.
 14059 | D:11     | Killed a two-headed ogre
 14266 | D:11     | Reached skill level 15 in Fighting
 14456 | D:11     | Killed Erolcha
 14514 | Orc:1    | Entered Level 1 of the Orcish Mines
 14514 | Orc:1    | Noticed a two-headed ogre
 14517 | Orc:1    | Killed a two-headed ogre
 14907 | Lair:1   | XOM: noise
 14959 | Lair:1   | Killed Fannar
 14960 | Lair:1   | Gained mutation: You have a moderately thin skeletal
                  | structure. (Dex +4, Stealth++) [demonic ancestry]
 14960 | Lair:1   | Reached XP level 13. HP: 94/115 MP: 10/13
 14970 | Lair:1   | XOM: god gift: 18 arrows
 15183 | Lair:1   | XOM: silly message
 15456 | Lair:2   | XOM: potion effect (might)
 15457 | Lair:2   | XOM: potion effect (haste)
 15914 | Lair:4   | Found a hole to the Spider Nest.
 16089 | Lair:4   | XOM: cast spell 'Summon Mana Viper'
 16188 | Lair:4   | XOM: cast spell 'Leda's Liquefaction'
 16192 | Lair:4   | Reached skill level 10 in Armour
 16505 | Lair:5   | Noticed Rupert
 16524 | Lair:5   | XOM: 5-stop teleportation journey
 16535 | Lair:5   | XOM: summons 2 hostile shadow creatures
 16599 | Lair:5   | XOM: 1-stop teleportation journey
 16880 | Lair:5   | XOM: divination: detect creatures
 16901 | Lair:5   | Killed Rupert
 16988 | Lair:5   | XOM: 9-stop teleportation journey
 17009 | Lair:5   | Found a staircase to the Slime Pits.
 17009 | Lair:5   | Found a viscous altar of Jiyva.
 17443 | Lair:6   | Entered Level 6 of the Lair of Beasts
 17446 | Lair:6   | Found a transporter.
 17447 | Lair:6   | Noticed riojii's ghost (journeyman SpEn)
 17449 | Lair:6   | Found a transporter.
 17503 | Lair:6   | XOM: scenery: create altars
 17532 | Lair:6   | XOM: noise
 17558 | Lair:6   | XOM: silly message
 17598 | Lair:6   | XOM: 1-stop teleportation journey
 17612 | Lair:6   | XOM: enchant monster (good)
 17619 | Lair:6   | XOM: destruction
 17896 | Lair:6   | Reached skill level 16 in Fighting
 18238 | Lair:6   | XOM: cast spell 'Discord'
 18251 | Lair:6   | XOM: cast spell 'Summon Ice Beast'
 18256 | Lair:6   | XOM: noise
 18266 | Lair:6   | XOM: polymorph ice beast -> rime drake
 18474 | Lair:6   | XOM: silly message
 18538 | Lair:6   | Found a runed translucent door.
 18578 | Lair:6   | XOM: potion effect (heal wounds)
 18602 | Lair:6   | XOM: silly message
 18735 | Lair:6   | XOM: cast spell 'Summon Ice Beast'
 18742 | Lair:6   | Paralysed by a hornet for 2 turns
 18745 | Lair:6   | XOM: swap monsters
 18772 | Lair:6   | Noticed a fire dragon
 18791 | Lair:6   | XOM: scenery: create altars
 18792 | Lair:6   | XOM: god gift: 5 silver javelins
 18801 | Lair:5   | XOM: god gift: 4 javelins
 18817 | Lair:5   | XOM: god gift: 712 gold pieces
 18966 | Lair:6   | XOM: scenery: create altars
 18968 | Lair:6   | XOM: polymorph tyrant leech -> great orb of eyes
 18969 | Lair:6   | XOM: cast spell 'Chain of Chaos'
 18975 | Lair:6   | Paralysed by a great orb of eyes for 6 turns
 18980 | Lair:6   | XOM: summons friendly iron imp
 18992 | Lair:6   | Reached XP level 14. HP: 48/126 MP: 5/14
 19253 | Lair:5   | XOM: 9-stop teleportation journey
 19742 | Orc:1    | XOM: polymorph orc warrior -> warg
 19880 | Orc:1    | XOM: 2-stop teleportation journey
 19971 | Orc:1    | Identified the +12 short sword of the Bouncing Runes
                  | {flame, rN+ Str-4 SInv} (Xom gifted it to you on level 1 of
                  | the Orcish Mines)
 19971 | Orc:1    | XOM: god gift: +12 short sword of the Bouncing Runes
                  | {flame, rN+ Str-4 SInv}
 20143 | D:9      | XOM: scenery: 1 fountains blood, 4 doors close
 20214 | Lair:2   | Identified the +1 robe of Grace {Stlth+}
 20256 | D:8      | XOM: silly message
 20351 | Orc:2    | Entered Level 2 of the Orcish Mines
 20359 | Orc:2    | Found a staircase to the Elven Halls.
 20359 | Orc:2    | Noticed Josephine
 20371 | Orc:2    | XOM: potion effect (invisibility)
 20377 | Orc:2    | Killed Josephine
 20378 | Orc:2    | XOM: divination: detect creatures
 20411 | Orc:2    | XOM: cast spell 'Summon Mana Viper'
 20566 | Orc:2    | XOM: god gift: plate armour {god gift}
 20706 | Orc:2    | Noticed Jorgrun
 20706 | Orc:2    | XOM: enchant monster (good)
 20733 | Orc:2    | Killed Jorgrun
 20789 | Orc:2    | Reached skill level 10 in Short Blades
 20873 | Orc:2    | XOM: summons 3 friendly demons
 20892 | Orc:2    | XOM: cast spell 'Olgreb's Toxic Radiance'
 20989 | Orc:2    | Found a dark tunnel.
 20997 | Volcano  | Entered a volcano
 21179 | Volcano  | XOM: scenery: create altars
 21190 | Volcano  | XOM: polymorph fire bat -> acid dragon
 21392 | Orc:2    | XOM: cloud trail
 21552 | Orc:2    | Reached skill level 17 in Fighting
 21583 | Orc:2    | XOM: confuse monster(s)
 21623 | Orc:2    | Reached skill level 5 in Dodging
 21895 | Orc:2    | XOM: enchant monster (good)
 21900 | Orc:2    | XOM: silly message
 21913 | Orc:2    | XOM: summons friendly ufetubus
 21926 | Orc:2    | XOM: potion effect (haste)
 22036 | Orc:2    | Found Cuqoirra's Weapon Boutique.
 22039 | Orc:2    | Found Qeuno's Antique Armour Shop.
 22040 | Orc:2    | Found Quozi's Weapon Boutique.
 22041 | Orc:2    | Found Pucsoh's Antique Armour Boutique.
 22047 | Orc:2    | Bought a distressingly furry chain mail for 199 gold pieces
 22047 | Orc:2    | Identified the +4 chain mail of Muttered Phrases {rF+ Str+4
                  | SInv Stlth-} (You bought it in a shop on level 2 of the
                  | Orcish Mines)
 22068 | Orc:2    | Bought a pair of boots for 94 gold pieces
 22424 | D:12     | Noticed Gastronok
 22436 | D:12     | XOM: blink monster(s)
 22439 | D:12     | XOM: scenery: summon butterflies
 22441 | D:12     | XOM: scenery: summon butterflies
 22446 | D:12     | XOM: cleaving
 22454 | D:12     | Killed Gastronok
 22678 | D:12     | XOM: give mutations
 22678 | D:12     | Gained mutation: Your spells are a little harder to cast,
                  | but a little more powerful. [Xom's grace]
 22678 | D:12     | Lost mutation: You have a beak for a mouth. [Xom's grace]
 22678 | D:12     | Gained mutation: You have very sharp teeth. [Xom's grace]
 22678 | D:12     | Gained mutation: Your flesh is cold resistant. (rC+) [Xom's
                  | grace]
 22914 | D:13     | XOM: god gift: staff of fire
 22931 | D:13     | XOM: fake destruction
 23066 | D:13     | XOM: cast spell 'Chain of Chaos'
 23090 | D:13     | Found a flickering gateway to a bazaar.
 23099 | D:13     | XOM: smoke on damage
 23101 | D:13     | XOM: chaos upgrade
 23102 | Bazaar   | Entered a bazaar
 23102 | Bazaar   | Found Waylid's Weapon Shop.
 23102 | Bazaar   | Found Ypna Ejuzuit's Book Shoppe.
 23102 | Bazaar   | Found Niuzats's General Store.
 23104 | Bazaar   | Found Numoizu's Distillery.
 23205 | Bazaar   | Bought a potion of heal wounds for 70 gold pieces
 23205 | Bazaar   | Bought a potion of heal wounds for 70 gold pieces
 23205 | Bazaar   | Bought a potion of haste for 140 gold pieces
 23233 | D:13     | XOM: potion effect (might)
 23300 | D:13     | XOM: 1-stop teleportation journey
 23443 | D:13     | XOM: noise
 23562 | D:13     | Found a gate to the Vaults.
 24012 | Spider:1 | Entered Level 1 of the Spider Nest
 24012 | Spider:1 | Noticed Mlioglotl
 24013 | Spider:1 | Noticed a broodmother
 24025 | Lair:4   | XOM: stat loss: -1 Int (18/19)
 24036 | Lair:4   | Killed a broodmother
 24059 | Lair:4   | XOM: noise
 24074 | Lair:4   | XOM: torment (51/128 hp)
 24161 | Spider:1 | XOM: smoke on damage
 24165 | Spider:1 | Killed Mlioglotl
 24175 | Lair:4   | HP: 4/128 [wolf spider (5)]
 24175 | Lair:4   | Mangled by a wolf spider

Illustrated notes

Levels and vault maps discovered:
D:1:      tarquinn_simple_flora_water_c, layout_loops_ring,
          hangedman_decor_opposing, minivault_4
D:2:      layout_basic, guppyfry_early_lair_pool, uniq_robin, uniq_terence
D:3:      layout_loops_corners, evilmike_ruin_ashenzari
D:4:      layout_loops_ring, serial_shops, nicolae_shop_behind_doors,
          minmay_bisected, uniq_duvessa
D:5:      layout_loops_cross, dk_noncrumbling_3
D:6:      layout_loops_corners, minmay_temple_entry_stoned_glass,
          minmay_ogre_servants
D:7:      mumra_celtic_spiral_tile, layout_basic, serial_shops, shop,
          kennysheep_nondescript, minmay_guarded_unrand_finisher
D:8:      layout_loops_ring, grunt_lair_entry_orc_guard_hut, uniq_maurice
D:9:      layout_small_grid, serial_undead, serial_undead_a, serial_undead_c,
          serial_undead_e, serial_undead_a, serial_undead_f, serial_undead_a,
          grunt_ministairs_6, uniq_erica, uniq_joseph, uniq_prince_ribbit1
D:10:     layout_loops_ring, minmay_librarian
D:11:     layout_loops_corners, hiddenorc2_lemuel,
          nicolae_concentric_dashed_squares_mild,
          hangedman_abyss_or_decor_stagger, uniq_erolcha, uniq_harold
D:12:     layout_rooms, serial_rivers, chequers_serial_rivers_micro_a,
          chequers_serial_rivers_micro_b, chequers_serial_rivers_small_a,
          chequers_serial_rivers_small_b, chequers_serial_rivers_micro_a,
          st_stairs_11, uniq_gastronok
D:13:     layout_cave_pools, david_vaults_2, serial_shops, freezing_bzr
Lair:1:   layout_cave_pods, grunt_megastairs_5, serial_bayou_shore_b,
          uniq_fannar
Lair:2:   layout_misc_corridors, nicolae_lair_liquid_snakes
Lair:3:   layout_cave_shapes, tgw_fedhas, grunt_megastairs_1
Lair:4:   layout_loops_ring, shoals_dummy_entry,
          nicolae_spider_entry_orb_guardian, beast_lair_carwin_5
Lair:5:   layout_regular_city, slime_altar_1, minivault_26, minmay_hedge_maze,
          serial_bayou_ford_a, uniq_rupert
Lair:6:   wormcave, layout_cellular_growth, gammafunk_ghost_hive,
          nicolae_quartered_pool_super, lemuel_fruit_fields
Spider:1: layout_spider_delve, gammafunk_ghost_arena, uniq_mlioglotl,
          uniq_aizul, uniq_roxanne, uniq_agnes
Orc:1:    layout_caves
Orc:2:    st_orc_pillars, layout_caves, nicolae_volcano_entry_s_turn,
          basic_altar, uniq_jorgrun, uniq_josephine

Skill      XL: |  1  2  3  4  5  6  7  8  9 10 11 12 13 14 |
---------------+-------------------------------------------+-----
Dodging        | 1 2 3 4 6 |  6.1
Fighting       | 4 5 6 8 9 11 13 14 15 16 17 | 17.3
Armour         | 4 5 6 8 9 10 | 10.9
Short Blades   | 3 4 5 7 9 10 | 10.8
Evocations     | 3 5 6 8 9 |  9.4
Stealth        | 3 5 6 |  6.0
Long Blades    | |  2.6

Action                   |  1- 3 |  4- 6 |  7- 9 | 10-12 | 13-15 || total
-------------------------+-------+-------+-------+-------+-------++-------
Melee: Falchion          |    67 |    82 |       |       |       ||   149
       Punch             |     2 |     2 |     1 |       |       ||     5
       Headbutt          |     7 |    22 |    57 |   170 |   213 ||   469
       Dagger            |       |    87 |   273 |   684 |   318 ||  1362
       Peck              |       |       |     2 |   164 |   155 ||   321
       Short sword       |       |       |       |       |   370 ||   370
       Bite              |       |       |       |       |    22 ||    22
Evoke: Wand              |       |       |       |     7 |    29 ||    36
       Piece from Xom's  |       |       |       |     1 |     2 ||     3
       Lightning rod     |       |       |       |       |     7 ||     7
  Use: Scroll            |       |     2 |    11 |     4 |    12 ||    29
       Potion            |       |       |     2 |     2 |     9 ||    13
 Stab: Sleeping          |       |     4 |    10 |    13 |     7 ||    34
       Paralysed         |       |       |     1 |       |       ||     1
       Distracted        |       |       |       |     1 |     6 ||     7
       Invisible         |       |       |       |       |     3 ||     3
Armor: Leather armour    |    22 |    40 |    16 |       |       ||    78
       Scale mail        |       |       |    80 |   262 |   189 ||   531
       Chain mail        |       |       |       |       |   131 ||   131
Dodge: Dodged            |    43 |    82 |   115 |   292 |   226 ||   758

Table legend: (Time is in decaauts)
 A = Elapsed time spent in this place.
 B = Non-inter-level travel time spent in this place.
 C = Inter-level travel time spent in this place.
 D = Time resting spent in this place.
 E = Time spent auto-exploring this place.
 F = Levels seen in this place.
 G = Mean time per level.
                   A        B        C        D        E       F      G
               +--------+--------+--------+--------+--------+-----+--------+
         Total |  23770 |  21523 |   2247 |   2664 |  13285 |  24 |  990.4 |
       Dungeon |  13814 |  12207 |   1607 |   1332 |   8042 |  13 | 1062.6 |
          Lair |   7434 |   6847 |    587 |    978 |   4137 |   6 | 1239.0 |
   Spider Nest |     20 |     20 |      0 |      0 |      0 |   1 |   20.0 |
  Orcish Mines |   2193 |   2142 |     51 |    236 |   1059 |   2 | 1096.5 |
        Bazaar |    119 |    119 |      0 |     55 |     45 |   1 |  119.0 |
       Volcano |    187 |    187 |      0 |     63 |      0 |   1 |  187.0 |
               +--------+--------+--------+--------+--------+-----+--------+

Top non-repeatable levels by time:
    D:11: 1651 daAuts
  Lair:6: 1638 daAuts
   Orc:2: 1570 daAuts
     D:2: 1442 daAuts
  Lair:4: 1421 daAuts
     D:7: 1312 daAuts
     D:3: 1262 daAuts
     D:8: 1231 daAuts
  Lair:3: 1227 daAuts
  Lair:1: 1217 daAuts
     D:6: 1080 daAuts
    D:10: 1001 daAuts
  Lair:5: 982 daAuts
     D:4: 975 daAuts
  Lair:2: 947 daAuts
